 Dungeon Crawl Stone Soup version 0.31-a0-986-g5e6e4ef867 (webtiles) character file.

Game seed: 11233507569416129340

29 dialectric the Cutter (level 3, -1/28 HPs)
             Began as a Minotaur Wanderer on Nov 23, 2023.
             Slain by a cerulean imp
             ... wielding a +2 spear
             ... summoned by Natasha
              (5 damage)
             ... on level 2 of the Dungeon.
             The game lasted 00:01:03 (909 turns).

dialectric the Cutter (Minotaur Wanderer)            Turns: 909, Time: 00:01:04

Health: -1/28      AC:  3    Str: 21    XL:     3   Next: 1%
Magic:  2/2        EV: 11    Int:  8    God:
Gold:   17         SH:  0    Dex:  7    Spells: 2/2 levels left

rFire   . . .        a - +2 short sword
rCold   . . .        (no shield)
rNeg    . . .        f - +0 leather armour
rPois   .            (helmet restricted)
rElec   .            (no cloak)
rCorr   .            (no gloves)
SInv    .            (no boots)
Will    .....        (no amulet)
Stlth   +            (no ring)
HPRegen 0.24/turn    (no ring)
MPRegen 0.08/turn

%: no passive effects
@: no status effects
A: horns 2, retaliatory headbutt
a: no special abilities


You were on level 2 of the Dungeon.
You visited 1 branch of the dungeon, and saw 2 of its levels.

You collected 17 gold pieces.

Inventory:

Hand Weapons
 a - a +2 short sword (weapon)
 b - a +0 quarterstaff
 d - a +0 dagger
Missiles
 c - 12 poisoned darts (quivered)
Armour
 f - a +0 leather armour (worn)
Scrolls
 e - a scroll of fear
 g - a scroll of fog {unknown}
 i - a scroll of identify {unknown}
Potions
 h - a potion of lignification {unknown}


   Skills:
 + Level 1.3 Fighting
 + Level 3.9 Short Blades
 - Level 3.8 Staves
 + Level 1.0 Throwing
 + Level 2.3 Armour
 * Level 0.5 Dodging
 + Level 1.0 Evocations


You had 2 spell levels left.
You didn't know any spells.
Your spell library was empty.

Dungeon Overview and Level Annotations

Branches:
Dungeon (2/15)

Altars:

Annotations:
D:2 Natasha


Innate Abilities, Weirdness & Mutations

You have a pair of horns on your head.
You reflexively headbutt those who attack you in melee.


Message History

Key pressed, stopping explore.
No target in view!
Found an arbalest.
No target in view!
Natasha, Servant of Life and Death comes into view.
Found an escape hatch in the floor.
Natasha hisses angrily.
Natasha is nearby!
An endoplasm and a bat come into view.
The endoplasm quivers.
The bat hits you.
You hit the bat.
You kill the bat!
Natasha casts a spell.
You closely miss Natasha. You closely miss Natasha.
Natasha wildly gestures.
Natasha shimmers violently.
Natasha closely misses you.
The cerulean imp hits you from afar with a +2 spear.
You hit Natasha.
Natasha is moderately wounded.
Natasha claws you.
The cerulean imp hits you from afar with a +2 spear.
Unknown command.
Okay, then.
The endoplasm attacks as it pursues you!
The endoplasm hits you.
The cerulean imp hits you from afar with a +2 spear.
Natasha stares at you and mumbles some strange words.
The magic dart hits you!
* * * LOW HITPOINT WARNING * * *
Natasha closely misses you.
The endoplasm attacks as it pursues you!
The endoplasm hits you but does no damage.
Natasha claws you.
* * * LOW HITPOINT WARNING * * *
There is an escape hatch in the floor here.
The cerulean imp hits you from afar with a +2 spear.
You die...

### ... ..## #...
..##### #####.....#
#.........####
#....@........
#...Jh....###.
#..)..5.......
##.........####
...........# #
###..##...### ####
##......#### ###..†
#......#....######.....
#.######.##....#.......


You could see Natasha, a cerulean imp (summoned) and an endoplasm.

Vanquished Creatures
  4 dart slugs
  2 ball pythons (D:1)
  An endoplasm (D:1)
  2 goblins (D:1)
  3 jackals (D:1)
  2 kobolds (D:1)
  3 bats
  2 frilled lizards (D:1)
  A rat (D:1)
20 creatures vanquished.

Notes
Turn   | Place    | Note
-------+----------+-------------------------------------------
     0 | D:1      | dialectric the Minotaur Wanderer began the quest for the
                  | Orb.
     0 | D:1      | dialectric set off with the following items: a +2 short
                  | sword, a +0 quarterstaff, 12 poisoned darts, a +0 dagger, a
                  | scroll of fear, a +0 leather armour.
     0 | D:1      | Reached XP level 1. HP: 16/16 MP: 0/0
   185 | D:1      | Reached XP level 2. HP: 23/23 MP: 1/1
   189 | D:1      | Found a faded altar of an unknown god.
   874 | D:2      | Reached XP level 3. HP: 28/28 MP: 2/2
   897 | D:2      | Noticed Natasha
   909 | D:2      | Slain by a cerulean imp

Illustrated notes

Levels and vault maps discovered:
D:1:      amcnicky_arrival_blooded_trapdoor, layout_basic,
          shapermc_ecumenical_altar_mp_ritualfount, serial_bayou_crossing
D:2:      layout_rooms, basic_altar, chequers_decorated_corner,
          nicolae_kite_square_tiling_tiny, grunt_decor_clamped,
          uniq_crazy_yiuf_cottage, uniq_sigmund, uniq_natasha

Skill      XL: |  1 |
---------------+----+-----
Armour         | 2 |  2.3
Fighting       | |  1.3
Short Blades   | |  3.9
Staves         | |  3.8
Throwing       | |  1.0
Dodging        | |  0.5
Evocations     | |  1.0

Action                     || total
---------------------------++-------
  Melee: Short sword       ||    55
         Headbutt          ||     5
         Punch             ||     1
 Armour: Leather armour    ||    31
  Dodge: Dodged            ||    33

Table legend: (Time is in decaauts)
 A = Elapsed time spent in this place.
 B = Non-inter-level travel time spent in this place.
 C = Inter-level travel time spent in this place.
 D = Time resting spent in this place.
 E = Time spent auto-exploring this place.
 F = Levels seen in this place.
 G = Mean time per level.
                   A        B        C        D        E       F      G
               +--------+--------+--------+--------+--------+-----+--------+
         Total |    911 |    882 |     29 |      0 |    739 |   2 |  455.5 |
       Dungeon |    911 |    882 |     29 |      0 |    739 |   2 |  455.5 |
               +--------+--------+--------+--------+--------+-----+--------+

Top non-repeatable levels by time:
     D:1: 863 daAuts
     D:2: 48 daAuts
